 Dungeon Crawl Stone Soup version 0.16.0-17-g811c1d7 (webtiles) character file.

4236 Hellisa the Corrupter of Planes (level 10, 0/69 HPs)
             Began as a Hill Orc Abyssal Knight on Mar 20, 2015.
             Was the Champion of Lugonu.
             Slain by a water moccasin zombie (5 damage)
             ... on level 9 of the Dungeon on Mar 21, 2015.
             The game lasted 00:45:53 (10273 turns).

Hellisa the Corrupter of Planes (HOAK)             Turns: 10273, Time: 00:45:53

Health: 0/69       AC: 14    Str: 23 (25) XL:     10   Next: 30%
Magic:  26/26      EV:  6    Int: 12      God:    Lugonu [******]
Gold:   572        SH:  0    Dex: 13      Spells: 0 memorised, 9 levels left

rFire  + . .     SeeInvis .     Z - +1 falchion "Nacoek" {slice, Str+6}
rCold  . . .     Clarity  .     i - +1 plate armour {rF+}
rNeg   . . .     SustAb   .     (no shield)
rPois  .         Gourm    .     y - +0 helmet
rElec  .         Spirit   .     z - +0 cloak (curse)
rCorr  .         Warding  .     K - +0 pair of gloves
rMut   .         Stasis   .     (no boots)
MR     +....                    R - amulet of inaccuracy (curse)
Stlth  ..........               L - ring of protection from magic
                                T - +2 ring of dexterity

@: somewhat resistant to hostile enchantments, extremely unstealthy
A: hooves 1, rough black scales 1, agile 1, deformed body, frail 1, wild magic 1
a: Depart the Abyss, Bend Space, Banish, Corrupt, Enter the Abyss, Renounce
Religion


You were on level 9 of the Dungeon.
You worshipped Lugonu.
Lugonu was exalted by your worship.
You were not hungry.

You visited 1 branch of the dungeon, and saw 9 of its levels.
You visited the Abyss 1 time.

You collected 572 gold pieces.

Inventory:

Hand weapons
 Z - the +1 falchion "Nacoek" (weapon) {slice, Str+6}
   (You found it on level 8 of the Dungeon)

   It inflicts extra damage upon your enemies.
   It affects your strength (+6).
Missiles
 e - 381 stones
 g - 20 tomahawks (quivered)
 m - 62 sling bullets
 O - a throwing net
 V - 4 javelins
Armour
 i - a +1 plate armour of fire resistance (worn)
 y - a +0 helmet (worn)
 z - a cursed +0 cloak (worn)
 H - a +0 cloak
 K - a +0 pair of gloves (worn)
Jewellery
 a - a cursed -3 ring of protection {unknown}
 t - an uncursed amulet of resist corrosion
 x - an uncursed ring of wizardry
 E - an uncursed ring of fire
 J - an uncursed ring of protection from fire
 L - a ring of protection from magic (right hand)
 M - an uncursed ring of wizardry
 R - a cursed amulet of inaccuracy (around neck)
 T - a +2 ring of dexterity (left hand)
Magical devices
 u - a wand of digging (12)
 v - a wand of random effects (30)
 D - a wand of random effects (30)
 I - a wand of flame (25)
Scrolls
 b - 6 scrolls of amnesia {unknown}
 d - a scroll of recharging {unknown}
 f - 4 scrolls of identify
 l - 5 scrolls of remove curse {unknown}
 n - 2 scrolls of random uselessness {unknown}
 r - 2 scrolls of teleportation {unknown}
 w - 2 scrolls of enchant armour {unknown}
 A - 3 scrolls of noise {unknown}
 B - 2 scrolls of enchant weapon {unknown}
 N - 2 scrolls of blinking {unknown}
Potions
 h - 2 potions of resistance
 j - a potion of flight
 q - a potion of curing
 C - a potion of agility
 F - 3 potions of haste
 Q - a potion of restore abilities
 U - a potion of mutation
Books
 k - a book of Spatial Translocations

   Spells                             Type                      Level
   a - Apportation                    Translocation                1
   b - Blink                          Translocation                2
   c - Shroud of Golubria             Charms/Translocation         2
   d - Portal Projectile              Translocation                3
   e - Teleport Other                 Translocation                3
   f - Passage of Golubria            Translocation                4
 p - a book of Conjurations

   Spells                             Type                      Level
   a - Magic Dart                     Conjuration                  1
   b - Searing Ray                    Conjuration                  2
   c - Dazzling Spray                 Conjuration/Hexes            3
   d - Fulminant Prism                Conjuration/Hexes            4
   e - Iskenderun's Mystic Blast      Conjuration                  4
   f - Iskenderun's Battlesphere      Conjuration/Charms           5
 G - a book of Summonings

   Spells                             Type                      Level
   a - Abjuration                     Summoning                    3
   b - Recall                         Summoning/Translocation      3
   c - Shadow Creatures               Summoning                    5
   d - Summon Demon                   Summoning                    5
   e - Summon Forest                  Summoning/Translocation      5
   f - Monstrous Menagerie            Summoning                    6
 S - a book of Changes

   Spells                             Type                      Level
   a - Beastly Appendage              Transmutation                1
   b - Sticks to Snakes               Transmutation                2
   c - Spider Form                    Transmutation/Poison         3
   d - Ice Form                       Ice/Transmutation            4
   e - Blade Hands                    Transmutation                5
Comestibles
 c - 9 meat rations
 o - 2 slices of pizza
 s - 9 bread rations
 P - 6 beef jerkies


   Skills:
 - Level 3.6 Fighting
 + Level 10.8 Long Blades
   Level 3.4 Polearms
 - Level 2.1 Armour
 - Level 0.7 Dodging
 + Level 13.2 Invocations


You had 9 spell levels left.
You didn't know any spells.

Dungeon Overview and Level Annotations

Branches:
Dungeon (9/15)             Temple (0/1) D:5
   Lair: D:8-11         Orc: D:9-12

Altars:
Ashenzari
Cheibriados
Dithmenos
Elyvilon
Gozag
Makhleb
Qazlal
Ru
Trog
Vehumet
The Shining One

Shops:
D:8 }*[

Annotations:
Abyss:1 Menkaure


Innate Abilities, Weirdness & Mutations

You have large cloven feet.
You are partially covered in rough black scales (AC +4, Dex -1).
You are agile. (Dex +2)
Armour fits poorly on your strangely shaped body.
You are frail (-10% HP).
Your spells are a little harder to cast, but a little more powerful.


Message History

Things that are here:
a whip; a chain mail; a long sword The orc wizard casts a spell.
The orc wizard seems to speed up.
You see here a flail.
The water moccasin zombie bites you.
* * * LOW HITPOINT WARNING * * *
Dmg: -2%(-1hp) hp: 6%(4hp)
The water moccasin zombie bites you but does no damage.
The orc wizard gestures at you while chanting.
You resist with almost no effort.
The water moccasin zombie barely misses you.
There are monsters nearby!
There are monsters nearby!
There are monsters nearby!
There are monsters nearby!
An orc wizard appears from thin air!
Reactivating autopickup.
The water moccasin zombie bites you.
You die...

.........#.#######.........#.....
##########.#.....#.........#.....
...........#.....#.........#.....
...........#.....'......####.....
...........#######......#...)....
........................#........
........................#........
........................#........
..............oZ@.......'........
...........o............#........
.......))..o............#########
######.)).###########............
#...o..# #P #............ #
#..≈≈..# #≈ P#.......###.. ≈##
#.≈≈≈≈.# ##§§§≈P#.......#.#..
§§###.≈##≈.###§§≈≈≈##.......#.###
≈§≈#oo≈##≈..#§§§§§# #.......#....


You could see an orc warrior, 2 orc wizards and a water moccasin zombie.

Vanquished Creatures
  Joseph (D:7)
  A troll (D:9)
  Eustachio (D:4)
  3 sky beasts
  An ice beast (D:4)
  2 ogres
  2 orc warriors
  4 phantoms
  Duvessa (D:5)
  A big kobold (D:7)
  Blork the orc (D:5)
  A gnoll sergeant (D:8)
  4 giant frogs
  A wyvern zombie (D:4)
  4 wights (D:7)
  A water moccasin skeleton (D:7)
  2 scorpions
  2 goliath beetles
  Dowan (D:5)
  2 crimson imps
  A gnoll shaman (D:7)
  A jelly (D:5)
  2 hounds
  A centaur zombie (D:8)
  Crazy Yiuf (D:5)
  A wasp zombie (D:9)
  2 giant frog skeletons
  4 orc priests
  5 orc wizards
  12 worker ants
  An iguana (D:4)
  A hound zombie (D:6)
  19 gnolls
  12 adders
  4 shadow imps
  3 worms
  5 giant geckos
  32 orcs
  A bat skeleton (D:4)
  A bat zombie (D:5)
  8 giant cockroaches
  16 hobgoblins
  3 jackals
  19 bats
  A giant newt (D:3)
  11 goblins
  A goblin zombie (D:5)
  20 kobolds
  4 quokkas
  15 rats
243 creatures vanquished.

Vanquished Creatures (others)
  A quokka (D:7)
1 creature vanquished.

Grand Total: 244 creatures vanquished

Notes
Turn   | Place    | Note
--------------------------------------------------------------
     0 | Abyss:1  | Hellisa, the Hill Orc Abyssal Knight, began the quest for the Orb.
     0 | Abyss:1  | Reached XP level 1. HP: 19/19 MP: 1/1
    28 | Abyss:1  | Found a corrupted altar of Lugonu.
    29 | D:1      | Escaped the Abyss
   234 | D:1      | Acquired Lugonu's first power
   234 | D:1      | Reached XP level 2. HP: 26/26 MP: 2/2
   932 | D:1      | Reached XP level 3. HP: 16/31 MP: 5/5
  1172 | D:2      | Found a stormy altar of Qazlal.
  1285 | D:2      | Reached skill level 4 in Invocations
  1352 | D:2      | Acquired Lugonu's second power
  1505 | D:2      | Found a white marble altar of Elyvilon.
  1505 | D:2      | Found an opulent altar of Gozag.
  1714 | D:3      | Reached XP level 4. HP: 30/39 MP: 7/7
  1855 | D:3      | Reached skill level 1 in Long Blades
  1979 | D:3      | Reached XP level 5. HP: 45/45 MP: 7/9
  2116 | D:3      | Acquired Lugonu's third power
  2283 | D:3      | Found a sacrificial altar of Ru.
  2316 | D:3      | Reached skill level 5 in Invocations
  2785 | D:4      | Found a burning altar of Makhleb.
  2889 | D:4      | Noticed Menkaure
  2894 | D:4      | Banished Menkaure
  2894 | D:4      | Reached XP level 6. HP: 27/51 MP: 7/12
  3290 | D:4      | Reached skill level 6 in Invocations
  3291 | D:4      | Noticed an ice beast
  3295 | D:4      | Killed an ice beast
  3521 | D:4      | Found a shadowy altar of Dithmenos.
  3595 | D:4      | Found a stormy altar of Qazlal.
  3629 | D:4      | Reached XP level 7. HP: 40/57 MP: 16/16
  3747 | D:4      | Reached skill level 5 in Long Blades
  3747 | D:4      | Reached skill level 7 in Invocations
  3939 | D:4      | Noticed Eustachio
  3945 | D:4      | Killed Eustachio
  4157 | D:4      | Acquired Lugonu's fourth power
  4213 | D:5      | Entered Level 5 of the Dungeon
  4245 | D:5      | Noticed Blork the orc
  4368 | D:5      | Found a staircase to the Ecumenical Temple.
  4405 | D:5      | Noticed Dowan
  4406 | D:5      | Noticed Duvessa
  4412 | D:5      | Killed Duvessa
  4412 | D:5      | Reached skill level 8 in Invocations
  4416 | D:5      | Killed Dowan
  4416 | D:5      | Reached XP level 8. HP: 61/64 MP: 19/19
  4692 | D:5      | Noticed a moth of wrath
  4694 | D:5      | Found a bloodstained altar of Trog.
  4879 | D:5      | Noticed Crazy Yiuf
  4882 | D:5      | Killed Crazy Yiuf
  4882 | D:5      | Reached skill level 9 in Invocations
  4919 | D:5      | Killed Blork the orc
  5388 | D:6      | Found a stormy altar of Qazlal.
  5429 | D:6      | Acquired Lugonu's fifth power
  5592 | D:6      | Reached skill level 10 in Invocations
  6102 | D:7      | Reached XP level 9. HP: 62/70 MP: 22/22
  6336 | D:7      | Reached skill level 11 in Invocations
  6340 | D:7      | Gained mutation: You are weak. (Str -2) [mutagenic meat]
  6347 | D:7      | Gained mutation: You are frail (-10% HP). [mutagenic meat]
  6494 | D:7      | Found a white marble altar of Elyvilon.
  7049 | D:7      | Noticed Joseph
  7063 | D:7      | Killed Joseph
  7619 | D:8      | Reached skill level 12 in Invocations
  7622 | D:8      | Found Inke Xer's Gadget Emporium.
  7627 | D:8      | Gained mutation: Armour fits poorly on your strangely shaped body. [potion of mutation]
  7627 | D:8      | Gained mutation: You are agile. (Dex +2) [potion of mutation]
  7627 | D:8      | Gained mutation: You are partially covered in rough black scales (AC +4, Dex -1). [potion of mutation]
  7771 | D:8      | Found a glowing golden altar of the Shining One.
  7846 | D:7      | Reached skill level 10 in Long Blades
  8535 | D:8      | Found a shattered altar of Ashenzari.
  8542 | D:8      | Found Jeurim's General Store.
  8547 | D:8      | Found Giturphig's Antique Armour Shop.
  8561 | D:8      | Reached XP level 10. HP: 60/69 MP: 25/25
  8766 | D:8      | Found a snail-covered altar of Cheibriados.
  9401 | D:9      | Found a radiant altar of Vehumet.
  9414 | D:8      | Got a scorched falchion
  9415 | D:8      | Identified the +1 falchion "Nacoek" {slice, Str+6} (You found it on level 8 of the Dungeon)
  9561 | D:9      | Reached skill level 13 in Invocations
 10003 | D:9      | Gained mutation: You have large cloven feet. [mutagenic meat]
 10004 | D:9      | Lost mutation: You are weak. (Str -2) [mutagenic meat]
 10005 | D:9      | Gained mutation: Your spells are a little harder to cast, but a little more powerful. [mutagenic meat]
 10273 | D:9      | Slain by a water moccasin zombie

Action                   |  1- 3 |  4- 6 |  7- 9 | 10-12 || total
-------------------------+-------+-------+-------+-------++-------
Melee: Spear             |    97 |       |       |       ||    97
       Long sword        |    15 |    99 |   317 |    22 ||   453
       Falchion          |       |       |       |    98 ||    98
Invok: Depart the Abyss  |     1 |       |       |       ||     1
       Banish            |       |     2 |       |       ||     2
  Use: Scroll            |       |       |     6 |       ||     6
       Potion            |       |       |     2 |     4 ||     6
  Eat: Chunk             |     2 |     4 |    15 |     5 ||    26
       Meat ration       |       |     1 |       |     1 ||     2
